TOP OF THE 1ST |
Westwood Sixshooters batting - Pitching for Nuevo Mexico Mariachis : RHP Sean Murphy
|
Pitching: RHP Sean Murphy
|
|
Batting: LHB Derek Kelly
|
0-0: Called Strike 0-1: Foul Ball, location: 2F 0-2: Ball 1-2: Foul Ball, location: 2F 1-2: Ball 2-2: SINGLE (Line Drive, 34D, EV 97.5 MPH)
|
Batting: SHB William Anderson
|
0-0: Foul Ball, location: 2F 0-1: Ball 1-1: Fly out, F6 (Popup, 6S, EV 76.2 MPH)
|
Batting: RHB Illarion Podmarkov
|
0-0: Ball Derek Kelly is caught stealing 2nd base 2-4 1-0: Called Strike 1-1: SINGLE (Groundball, 56D, EV 98.1 MPH)
|
Batting: LHB Rick Kirkham
|
0-0: Ball 1-0: Ball 2-0: Called Strike 2-1: Ball 3-1: DOUBLE (Line Drive, 7LD, EV 110.0 MPH) Illarion Podmarkov to third Runner from 3rd tries for Home, SAFE, throw by LF to trailing runner, OUT at third! 7-6-5
|
Top of the 1st over - 1 run, 3 hits, 0 errors, 0 left on base; Westwood 1 - Nuevo Mexico 0 |
BOTTOM OF THE 1ST |
Nuevo Mexico Mariachis batting - Pitching for Westwood Sixshooters : RHP Raúl Reyes
|
Pitching: RHP Raúl Reyes
|
|
Batting: LHB Justice Bigbie
|
0-0: Ball 1-0: Called Strike 1-1: Called Strike 1-2: Ball 2-2: Ball 3-2: Base on Balls
|
Batting: LHB Greg Rogers
|
0-0: Ball 1-0: Swinging Strike 1-1: Ball 2-1: Foul Ball, location: 2F 2-2: Foul Ball, location: 2F 2-2: Strikes out looking
|
Batting: LHB Carlos Díaz
|
0-0: Ball 1-0: Ball 2-0: Ball 3-0: Called Strike 3-1: Fly out, F8 (Flyball, 8LM, EV 96.9 MPH)
|
Batting: LHB Gustavo Zamora
|
0-0: Called Strike 0-1: Ball 1-1: Fly out, F9 (Line Drive, 9, EV 107.5 MPH)
|
Bottom of the 1st over - 0 runs, 0 hits, 0 errors, 1 left on base; Westwood 1 - Nuevo Mexico 0 |
TOP OF THE 2ND |
Westwood Sixshooters batting - Pitching for Nuevo Mexico Mariachis : RHP Sean Murphy
|
Batting: LHB Luis Benítez
|
0-0: Called Strike 0-1: Ball 1-1: Ball 2-1: Foul Ball, location: 2F 2-2: Foul Ball, location: 2F 2-2: Ball 3-2: Base on Balls
|
Batting: RHB Slavik Akentiev
|
0-0: Grounds into double play, 4-6-3 (Groundball, 4, EV 99.4 MPH)
|
Batting: RHB John Siddall
|
0-0: Called Strike 0-1: Swinging Strike 0-2: Foul Ball, location: 2F 0-2: Ground out 1-3 (Groundball, 13S, EV 73.1 MPH)
|
Top of the 2nd over - 0 runs, 0 hits, 0 errors, 0 left on base; Westwood 1 - Nuevo Mexico 0 |
BOTTOM OF THE 2ND |
Nuevo Mexico Mariachis batting - Pitching for Westwood Sixshooters : RHP Raúl Reyes
|
Batting: RHB Esteban Rojas
|
0-0: Called Strike 0-1: Fly out, F7 (Flyball, 7LSF, EV 94.4 MPH)
|
Batting: LHB Albert Porter
|
0-0: Called Strike 0-1: SINGLE (Line Drive, 8RS, EV 106.2 MPH)
|
Batting: RHB Sergio Dávalos
|
0-0: Ball 1-0: Ball 2-0: Foul Ball, location: 2F 2-1: Swinging Strike 2-2: Grounds into double play, 6-4-3 (Groundball, 6, EV 104.4 MPH)
|
Bottom of the 2nd over - 0 runs, 1 hit, 0 errors, 0 left on base; Westwood 1 - Nuevo Mexico 0 |
TOP OF THE 3RD |
Westwood Sixshooters batting - Pitching for Nuevo Mexico Mariachis : RHP Sean Murphy
|
Batting: RHB Hisashi Koumura
|
0-0: Swinging Strike 0-1: SINGLE (Groundball, 4MD, EV 103.8 MPH)
|
Batting: RHB Patrick Rivera
|
0-0: Ball 1-0: Ball 2-0: Foul Ball, location: 2F 2-1: SINGLE (Groundball, 34D, EV 103.8 MPH) Hisashi Koumura to second Runner from 2nd tries for 3rd, SAFE, no throw by RF
|
Batting: LHB Derek Kelly
|
0-0: Called Strike 0-1: Ball 1-1: SINGLE (Groundball, 34D, EV 99.4 MPH) Hisashi Koumura scores Patrick Rivera to second Runner from 2nd tries for 3rd, SAFE, no throw by RF
|
Batting: SHB William Anderson
|
0-0: Fly out, F5 (Line Drive, 5, EV 77.5 MPH)
|
Batting: RHB Illarion Podmarkov
|
0-0: Called Strike 0-1: Foul Ball, location: 2F 0-2: Ball 1-2: Ball 2-2: SINGLE (Flyball, 4MD, EV 86.9 MPH) Patrick Rivera scores Derek Kelly to second
|
Batting: LHB Rick Kirkham
|
0-0: Foul Ball, location: 2F 0-1: Foul Ball, location: 2F 0-2: Fielders Choice at 2nd, 4-6 (Groundball, 4MS, EV 89.4 MPH) Derek Kelly to third
|
Batting: LHB Luis Benítez
|
0-0: Called Strike 0-1: Fielders Choice at 2nd, U6 (Groundball, 6M, EV 107.5 MPH)
|
Top of the 3rd over - 2 runs, 4 hits, 0 errors, 2 left on base; Westwood 3 - Nuevo Mexico 0 |
BOTTOM OF THE 3RD |
Nuevo Mexico Mariachis batting - Pitching for Westwood Sixshooters : RHP Raúl Reyes
|
Batting: LHB Ryutaro Watanabe
|
0-0: Foul Ball, location: 2F 0-1: Ground out 6-3 (Groundball, 56, EV 104.4 MPH)
|
Batting: RHB John Montgomery
|
0-0: Ground out 6-3 (Groundball, 6M, EV 88.8 MPH)
|
Batting: LHB Justice Bigbie
|
0-0: Ball 1-0: Called Strike 1-1: Swinging Strike 1-2: Strikes out swinging
|
Bottom of the 3rd over - 0 runs, 0 hits, 0 errors, 0 left on base; Westwood 3 - Nuevo Mexico 0 |
TOP OF THE 4TH |
Westwood Sixshooters batting - Pitching for Nuevo Mexico Mariachis : RHP Sean Murphy
|
Batting: RHB Slavik Akentiev
|
0-0: Ball 1-0: Swinging Strike 1-1: Called Strike 1-2: Ball 2-2: Strikes out swinging
|
Batting: RHB John Siddall
|
0-0: Ball 1-0: Ground out 5-3 (Groundball, 56S, EV 82.5 MPH)
|
Batting: RHB Hisashi Koumura
|
0-0: Ground out 1-3 (Groundball, 34S, EV 93.1 MPH)
|
Top of the 4th over - 0 runs, 0 hits, 0 errors, 0 left on base; Westwood 3 - Nuevo Mexico 0 |
BOTTOM OF THE 4TH |
Nuevo Mexico Mariachis batting - Pitching for Westwood Sixshooters : RHP Raúl Reyes
|
Batting: LHB Greg Rogers
|
0-0: Ball 1-0: SOLO HOME RUN (Flyball, 7LD, EV 94.4 MPH), Distance : 354 ft
|
Batting: LHB Carlos Díaz
|
0-0: Ball 1-0: Swinging Strike 1-1: SINGLE (Line Drive, 4MD, EV 97.5 MPH)
|
Batting: LHB Gustavo Zamora
|
0-0: Ball 1-0: SINGLE (Groundball, 4S, EV 70.0 MPH) (infield hit) Carlos Díaz to second
|
Batting: RHB Esteban Rojas
|
0-0: Ball 1-0: Called Strike 1-1: Foul Ball, location: 2F 1-2: Foul Ball, location: 2F 1-2: Ball 2-2: Strikes out swinging
|
Batting: LHB Albert Porter
|
Pickoff Throw to Second - Error! E1 Carlos Díaz to third Gustavo Zamora to second 0-0: Called Strike 0-1: Foul Ball, location: 2F 0-2: DOUBLE (Groundball, 5L, EV 99.4 MPH) Carlos Díaz scores Gustavo Zamora scores
|
Batting: RHB Sergio Dávalos
|
0-0: Swinging Strike 0-1: Swinging Strike 0-2: Ball 1-2: Ball 2-2: Strikes out swinging
|
Batting: LHB Ryutaro Watanabe
|
0-0: Swinging Strike 0-1: Ball 1-1: Swinging Strike 1-2: Foul Ball, location: 2F 1-2: Ball 2-2: Fly out, F7 (Flyball, 7LS, EV 94.4 MPH)
|
Bottom of the 4th over - 3 runs, 4 hits, 1 error, 1 left on base; Westwood 3 - Nuevo Mexico 3 |
TOP OF THE 5TH |
Westwood Sixshooters batting - Pitching for Nuevo Mexico Mariachis : RHP Sean Murphy
|
Batting: RHB Patrick Rivera
|
0-0: Called Strike 0-1: Ball 1-1: Ball 2-1: Foul Ball, location: 2F 2-2: Ball 3-2: Base on Balls
|
Batting: LHB Derek Kelly
|
0-0: Bunt - Flyout to 15S! F1
|
Batting: SHB William Anderson
|
0-0: Ball 1-0: Ball 2-0: Called Strike 2-1: Foul Ball, location: 2F 2-2: Strikes out swinging
|
Batting: RHB Illarion Podmarkov
|
0-0: Called Strike 0-1: Called Strike 0-2: Foul Ball, location: 2F 0-2: Fly out, F7 (Flyball, 7LS, EV 88.1 MPH)
|
Top of the 5th over - 0 runs, 0 hits, 0 errors, 1 left on base; Westwood 3 - Nuevo Mexico 3 |
BOTTOM OF THE 5TH |
Nuevo Mexico Mariachis batting - Pitching for Westwood Sixshooters : RHP Raúl Reyes
|
Batting: RHB John Montgomery
|
0-0: Ball 1-0: Foul Ball, location: 2F 1-1: SINGLE (Groundball, 6MD, EV 95.6 MPH)
|
Batting: LHB Justice Bigbie
|
0-0: Bunted foul 0-1: Sac Bunt to 2L - play at first, batter OUT! 2-4 John Montgomery to second
|
Batting: LHB Greg Rogers
|
0-0: Fly out, F9 (Line Drive, 9, EV 89.4 MPH)
|
Batting: LHB Carlos Díaz
|
0-0: Ball 1-0: Called Strike 1-1: Ground out 4-3 (Groundball, 4, EV 83.1 MPH)
|
Bottom of the 5th over - 0 runs, 1 hit, 0 errors, 1 left on base; Westwood 3 - Nuevo Mexico 3 |
TOP OF THE 6TH |
Westwood Sixshooters batting - Pitching for Nuevo Mexico Mariachis : RHP Sean Murphy
|
Batting: LHB Rick Kirkham
|
0-0: Called Strike 0-1: Ball 1-1: SINGLE (Line Drive, 89S, EV 100.6 MPH)
|
Batting: LHB Luis Benítez
|
0-0: Called Strike 0-1: Ball 1-1: Grounds into double play, 6-4-3 (Groundball, 6, EV 105.0 MPH)
|
Batting: RHB Slavik Akentiev
|
0-0: Foul Ball, location: 2F 0-1: Fly out, F8 (Flyball, 89D, EV 94.4 MPH)
|
Top of the 6th over - 0 runs, 1 hit, 0 errors, 0 left on base; Westwood 3 - Nuevo Mexico 3 |
BOTTOM OF THE 6TH |
Nuevo Mexico Mariachis batting - Pitching for Westwood Sixshooters : RHP Raúl Reyes
|
Batting: LHB Gustavo Zamora
|
0-0: Called Strike 0-1: Ball 1-1: Swinging Strike 1-2: Ball 2-2: Foul Ball, location: 2F 2-2: Ball 3-2: Foul Ball, location: 2F 3-2: SINGLE (Line Drive, 78S, EV 104.4 MPH)
|
Batting: RHB Esteban Rojas
|
0-0: Ball 1-0: Ball 2-0: Called Strike 2-1: Ball 3-1: Foul Ball, location: 2F 3-2: Fly out, F8 (Flyball, 8LD, EV 106.9 MPH)
|
Batting: LHB Albert Porter
|
0-0: Foul Ball, location: 2F 0-1: Ball 1-1: SINGLE (Groundball, 34D, EV 94.4 MPH) Gustavo Zamora to second Runner from 2nd tries for 3rd, SAFE, throw by RF made to third
|
Batting: RHB Sergio Dávalos
|
0-0: Foul Ball, location: 2F 0-1: Ball 1-1: Called Strike 1-2: Ball 2-2: SINGLE (Groundball, 34D, EV 98.1 MPH) Gustavo Zamora scores Albert Porter to second Runner from 2nd tries for 3rd, SAFE, throw by RF made to third
|
Pitching: RHP José Arellano
|
|
Batting: LHB Ryutaro Watanabe
|
0-0: Called Strike 0-1: Ball 1-1: Fly out, F8 (Flyball, 78XD, EV 108.1 MPH) Runner from 3rd tags up, SCORES, no throw by CF
|
Batting: RHB John Montgomery
|
0-0: Ball 1-0: Ground out 4-3 (Groundball, 4, EV 88.8 MPH)
|
Bottom of the 6th over - 2 runs, 3 hits, 0 errors, 1 left on base; Westwood 3 - Nuevo Mexico 5 |
TOP OF THE 7TH |
Westwood Sixshooters batting - Pitching for Nuevo Mexico Mariachis : RHP Sean Murphy
|
Batting: RHB John Siddall
|
0-0: Ball 1-0: Ball 2-0: Ground out 5-3 (Groundball, 56S, EV 86.2 MPH)
|
Batting: RHB Hisashi Koumura
|
0-0: Ball 1-0: Ball 2-0: Called Strike 2-1: Foul Ball, location: 2F 2-2: Ball 3-2: Base on Balls
|
Pitching: RHP Dave Raspberry
|
|
Batting: RHB Patrick Rivera
|
0-0: Called Strike Hisashi Koumura steals 2nd base 0-1: Ball Hisashi Koumura steals 3rd base (no throw) 1-1: Ball 2-1: Foul Ball, location: 2F 2-2: Strikes out swinging
|
Batting: LHB Derek Kelly
|
0-0: Ball 1-0: Ball 2-0: Foul Ball, location: 2F 2-1: SINGLE (Groundball, 56D, EV 102.5 MPH) Hisashi Koumura scores
|
Batting: SHB William Anderson
|
0-0: Ball 1-0: Foul Ball, location: 2F 1-1: Swinging Strike 1-2: Strikes out swinging
|
Top of the 7th over - 1 run, 1 hit, 0 errors, 1 left on base; Westwood 4 - Nuevo Mexico 5 |
BOTTOM OF THE 7TH |
Nuevo Mexico Mariachis batting - Pitching for Westwood Sixshooters : RHP José Arellano
|
Batting: LHB Justice Bigbie
|
0-0: Ball 1-0: Ball 2-0: Ball 3-0: Base on Balls
|
Batting: LHB Greg Rogers
|
0-0: Ball 1-0: Ball 2-0: Ball 3-0: Base on Balls Justice Bigbie to second
|
Batting: LHB Carlos Díaz
|
0-0: Ball 1-0: Ball 2-0: Ball 3-0: Base on Balls Justice Bigbie to third Greg Rogers to second
|
Batting: LHB Gustavo Zamora
|
0-0: Foul Ball, location: 2F 0-1: GRAND SLAM HOME RUN (Flyball, 9D, EV 108.1 MPH), Distance : 347 ft
|
Pitching: RHP Arvi Fufachev
|
|
Batting: RHB Esteban Rojas
|
0-0: Ball 1-0: Ball 2-0: Ball 3-0: Called Strike 3-1: Foul Ball, location: 2F 3-2: Foul Ball, location: 2F 3-2: Base on Balls
|
Batting: LHB Albert Porter
|
0-0: Ball 1-0: Ball 2-0: Swinging Strike 2-1: Swinging Strike 2-2: Strikes out swinging
|
Batting: RHB Sergio Dávalos
|
0-0: Ball 1-0: Ball 2-0: Swinging Strike 2-1: Ball 3-1: Base on Balls Esteban Rojas to second
|
Batting: LHB Ryutaro Watanabe
|
0-0: Swinging Strike 0-1: Called Strike 0-2: Ball 1-2: Ball 2-2: Ball 3-2: Fielders Choice at 2nd, 1-6 (Groundball, 13, EV 85.0 MPH) Esteban Rojas to third
|
Batting: RHB John Montgomery
|
0-0: Ball 1-0: Ground out 1-3 (Groundball, 34S, EV 82.5 MPH)
|
Bottom of the 7th over - 4 runs, 1 hit, 0 errors, 2 left on base; Westwood 4 - Nuevo Mexico 9 |
TOP OF THE 8TH |
Westwood Sixshooters batting - Pitching for Nuevo Mexico Mariachis : RHP Dave Raspberry
|
Batting: RHB Illarion Podmarkov
|
0-0: Ball 1-0: Foul Ball, location: 2F 1-1: Fly out, F8 (Flyball, 8RM, EV 95.6 MPH)
|
Batting: LHB Rick Kirkham
|
0-0: Called Strike 0-1: Ball 1-1: Foul Ball, location: 2F 1-2: Strikes out swinging
|
Batting: LHB Luis Benítez
|
0-0: Ball 1-0: Ball 2-0: Called Strike 2-1: Foul Ball, location: 2F 2-2: Ball 3-2: SOLO HOME RUN (Line Drive, 89XD, EV 101.2 MPH), Distance : 420 ft
|
Batting: RHB Slavik Akentiev
|
0-0: Foul Ball, location: 2F 0-1: Ball 1-1: Fly out, F8 (Flyball, 8LS, EV 70.0 MPH)
|
Top of the 8th over - 1 run, 1 hit, 0 errors, 0 left on base; Westwood 5 - Nuevo Mexico 9 |
BOTTOM OF THE 8TH |
Nuevo Mexico Mariachis batting - Pitching for Westwood Sixshooters : RHP Arvi Fufachev
|
Batting: LHB Justice Bigbie
|
0-0: Swinging Strike 0-1: Foul Ball, location: 2F 0-2: Ball 1-2: Foul Ball, location: 2F 1-2: Foul Ball, location: 2F 1-2: Foul Ball, location: 2F 1-2: Ball 2-2: Foul Ball, location: 2F 2-2: Foul Ball, location: 2F 2-2: Fly out, F9 (Flyball, 9LS, EV 93.8 MPH)
|
Batting: LHB Greg Rogers
|
0-0: Ball 1-0: Swinging Strike 1-1: SINGLE (Flyball, 78S, EV 93.1 MPH)
|
Batting: LHB Carlos Díaz
|
0-0: Ball 1-0: Called Strike 1-1: Foul Ball, location: 2F 1-2: Strikes out swinging
|
Batting: LHB Gustavo Zamora
|
0-0: Ball 1-0: SINGLE (Line Drive, 3D, EV 97.5 MPH) Greg Rogers to second Runner from 2nd tries for 3rd, SAFE, throw by RF made to third
|
Batting: RHB Esteban Rojas
|
0-0: Ball 1-0: SINGLE (Flyball, 9LS, EV 90.0 MPH) Greg Rogers scores Gustavo Zamora to second Runner from 2nd tries for 3rd, SAFE, throw by RF made to third
|
Batting: LHB Albert Porter
|
0-0: Ball 1-0: Fielders Choice at 2nd, 5-4 (Groundball, 5, EV 94.4 MPH)
|
Bottom of the 8th over - 1 run, 3 hits, 0 errors, 2 left on base; Westwood 5 - Nuevo Mexico 10 |
TOP OF THE 9TH |
Westwood Sixshooters batting - Pitching for Nuevo Mexico Mariachis : RHP Dave Raspberry
|
Batting: RHB John Siddall
|
0-0: Called Strike 0-1: Foul Ball, location: 2F 0-2: Ball 1-2: Fly out, F9 (Flyball, 9, EV 86.2 MPH)
|
Batting: RHB Hisashi Koumura
|
0-0: Ball 1-0: SINGLE (Groundball, 6, EV 78.8 MPH) (infield hit)
|
Batting: RHB Patrick Rivera
|
0-0: Ball 1-0: Ball 2-0: Foul Ball, location: 2F 2-1: Foul Ball, location: 2F 2-2: Strikes out swinging
|
Batting: LHB Derek Kelly
|
0-0: Ball 1-0: Ball 2-0: Swinging Strike 2-1: Foul Ball, location: 2F 2-2: Strikes out swinging, 2-3 out at first.
|
Top of the 9th over - 0 runs, 1 hit, 0 errors, 1 left on base; Westwood 5 - Nuevo Mexico 10 |
|